 Dungeon Crawl Stone Soup version 0.18.1-50-g88ac8fd (webtiles) character file.

2185 Amnesiac the Prestidigitator (level 9, 0/54 HPs)
             Began as a Deep Elf Fighter on Mar 1, 2018.
             Succumbed to a water moccasin's poison
             ... on level 7 of the Dungeon.
             The game lasted 00:19:02 (11320 turns).

Amnesiac the Prestidigitator (Deep Elf Fighter)    Turns: 11320, Time: 00:19:03

Health: 0/54       AC:  7    Str: 15 (16) XL:     9   Next: 11%
Magic:  17/17      EV:  9    Int: 17      God:
Gold:   320        SH:  9    Dex: 14      Spells: 0 memorised, 8 levels left

rFire  . . .     SeeInvis .     a - +1 rapier
rCold  . . .     Gourm    .     j - +0 scale mail
rNeg   . . .     Faith    .     c - +1 shield
rPois  .         Spirit   .     (helmet restricted)
rElec  .         Dismiss  .     (no cloak)
rCorr  .         Reflect  .     (no gloves)
SustAt .         Harm     .     (no boots)
MR     +....     Clarity  +     q - amulet of rage
Stlth  ..........               (no ring)
                                v - +5 ring of intelligence

@: lethally poisoned (0 -> -5), somewhat resistant to hostile enchantments,
extremely unstealthy
A: horns 1, clarity, deterioration 1, dopey 1, magic resistance 1
a: Evoke Berserk Rage


You were on level 7 of the Dungeon.
You were not hungry.

You visited 2 branches of the dungeon, and saw 8 of its levels.
You also visited: Sewer.

You collected 402 gold pieces.
You spent 82 gold pieces at shops.

Inventory:

Hand Weapons
 a - a +1 rapier (weapon)
 b - a +0 hunting sling
Missiles
 i - 265 stones (quivered)
 o - 14 sling bullets
 s - 34 poisoned needles
 x - 6 needles of confusion
 E - a throwing net
Armour
 c - a +1 shield (worn)
 j - a +0 scale mail (worn)
Jewellery
 p - an uncursed ring of fire
 q - an amulet of rage (around neck)
 v - a +5 ring of intelligence (left hand)
Wands
 g - a wand of digging (14/24)
 n - a wand of iceblast (0/15)
Scrolls
 h - 2 scrolls of magic mapping {!r}
 l - a scroll of fog {!r}
 r - a scroll of amnesia {!r}
 w - a scroll of identify {!r}
 y - 3 scrolls of teleportation {!r}
 z - 3 scrolls of enchant weapon {!r}
Potions
 d - a potion of might {!q}
 k - 7 potions of flight {!q}
 t - 2 potions of agility {!q}
 A - a potion of haste {!q}
 F - a potion of magic {!q}
Comestibles
 f - 4 bread rations
 m - 2 chunks of flesh
 u - 4 meat rations
 B - a slice of pizza


   Skills:
 + Level 5.2 Fighting
 - Level 2.0 Short Blades
 + Level 5.2 Armour
 + Level 5.4 Dodging
 - Level 2.4 Shields
 * Level 8.5 Evocations


You had 8 spell levels left.
You didn't know any spells.

Dungeon Overview and Level Annotations

Branches:
Dungeon (7/15)             Temple (1/1) D:5

Altars:
Ashenzari
Cheibriados
Dithmenos
Elyvilon
Fedhas
Gozag
Kikubaaqudgha
Makhleb
Nemelex Xobeh
Okawaru
Qazlal
Ru
Sif Muna
Trog
Vehumet
Xom
The Shining One

Shops:
D:5 *


Innate Abilities, Weirdness & Mutations

You have a pair of small horns on your head.
You possess an exceptional clarity of mind.
Your body sometimes deteriorates upon taking damage.
You are dopey. (Int -2)
You are resistant to hostile enchantments.


Message History

The iguana is severely wounded.
The water moccasin hisses angrily.
The iguana bites you but does no damage.
You hit the iguana.
The iguana is severely wounded.
The iguana completely misses you.
You closely miss the iguana. You headbutt the iguana.
The iguana is almost dead.
The iguana barely misses you. You block the water moccasin's attack.
Your shield and scale mail prevent you from hitting the iguana.
You headbutt the iguana.
You kill the iguana!
The water moccasin bites you.
You are poisoned.
The water moccasin poisons you! The water moccasin bites you.
You block the black bear's attack. The black bear claws you.
The black bear closely misses you.
Evoke which item? (* to show all) (? for menu, Esc to quit)
Okay, then.
You closely miss the black bear.
You feel sick.
The water moccasin bites you but does no damage.
The black bear bites you.
* * * LOW HITPOINT WARNING * * *
Your body deteriorates!
You feel weakened. You block the black bear's attack. The black bear claws you.
* * * LOW HITPOINT WARNING * * *
You hit the black bear.
The black bear is lightly wounded.
You feel sick. The water moccasin bites you.
* * * LOW HITPOINT WARNING * * *
The water moccasin barely misses you.
The black bear bites you but does no damage.
You block the black bear's attack.
The black bear claws you but does no damage.
You puncture the black bear!
The black bear is heavily wounded.
You feel sick.
The water moccasin bites you but does no damage.
The black bear bites you but does no damage.
You block the black bear's attack. The black bear barely misses you.
The water moccasin bites you.
* * * LOW HITPOINT WARNING * * *
You hit the black bear.
The black bear is heavily wounded.
The water moccasin bites you.
* * * LOW HITPOINT WARNING * * *
You block the black bear's attack. The black bear claws you.
* * * LOW HITPOINT WARNING * * *
The black bear claws you.
* * * LOW HITPOINT WARNING * * *
You hit the black bear but do no damage.
The black bear is heavily wounded.
* * * LOW HITPOINT WARNING * * *
You feel sick. The water moccasin bites you.
* * * LOW HITPOINT WARNING * * *
You block the black bear's attack. x2
The black bear claws you but does no damage.
The water moccasin barely misses you.
Drink which item? (? for menu, Esc to quit)
Okay, then.
You barely miss the black bear.
You headbutt the black bear, but do no damage.
The black bear is heavily wounded.
You die...

.................. ..#.######
............#....###+####.# #..
.....................(..#.# #.#
.................#......#.####.#
..........................#.....
................#.........#.##.#
....#####.......#.........#.##.#
.... ######S#............#.#
#@#.........####.#
#####h####...........#
##.......##...##.######
..........##....#.# #
..................# #
.....##.........### .....
##...#....# ............#####
.............


You could see a water moccasin and a black bear.

Vanquished Creatures
  The ghost of Amnesiac the Prestidigitator, a novice DEFi (D:7)
  The ghost of Amnesiac the Charlatan, an amateur DEAr (D:4)
  A sky beast (D:5)
  An ice beast (D:7)
  3 ogres
  A centaur (D:6)
  A big kobold (Sewer)
  2 giant frogs (D:6)
  A scorpion (D:4)
  4 howler monkeys
  3 crimson imps
  4 hounds
  A giant frog skeleton (D:6)
  2 orc wizards
  An iguana (D:7)
  4 worker ants
  A hound skeleton (D:6)
  9 gnolls
  A river rat (Sewer)
  8 adders
  2 shadow imps (D:5)
  An ooze (D:3)
  An adder skeleton (D:7)
  An adder zombie (D:5)
  3 worms (D:2)
  2 dart slugs
  9 giant geckos
  19 orcs
  3 ball pythons
  5 giant cockroaches
  10 goblins
  5 hobgoblins
  9 jackals
  4 quokkas
  16 bats
  4 giant newts
  A jackal skeleton (D:4)
  7 kobolds
  A quokka skeleton (D:6)
  A quokka zombie (D:6)
  9 rats
163 creatures vanquished.

Notes
Turn   | Place    | Note
--------------------------------------------------------------
     0 | D:1      | Amnesiac the Deep Elf Fighter began the quest for the Orb.
     0 | D:1      | Reached XP level 1. HP: 13/13 MP: 3/3
    18 | D:1      | Reached skill level 1 in Dodging
   249 | D:1      | Reached XP level 2. HP: 18/18 MP: 4/4
   574 | D:2      | Reached XP level 3. HP: 13/22 MP: 5/5
  1062 | D:2      | Found a burning altar of Makhleb.
  1163 | D:2      | Found a bloodstained altar of Trog.
  1736 | D:3      | Reached XP level 4. HP: 10/28 MP: 6/6
  2529 | D:4      | Reached XP level 5. HP: 28/32 MP: 7/7
  2685 | D:5      | Entered Level 5 of the Dungeon
  2743 | D:5      | Found an iron altar of Okawaru.
  2883 | D:5      | Found a glowing drain.
  3084 | Sewer    | Entered a sewer
  3183 | Sewer    | Reached XP level 6. HP: 33/37 MP: 8/8
  3222 | Sewer    | Found a glowing silver altar of Zin.
  3277 | D:5      | Noticed a sky beast
  3763 | D:6      | Found a shattered altar of Ashenzari.
  3814 | D:6      | Reached skill level 2 in Evocations
  4138 | D:5      | Found Jewomem's General Store.
  4147 | D:5      | Bought a scroll of magic mapping for 38 gold pieces
  4147 | D:5      | Bought a potion of agility for 44 gold pieces
  4158 | D:5      | Found a staircase to the Ecumenical Temple.
  4168 | Temple   | Entered the Ecumenical Temple
  4432 | D:5      | Reached XP level 7. HP: 16/43 MP: 10/10
  5416 | D:2      | Reached skill level 5 in Dodging
  5718 | D:2      | Reached skill level 3 in Evocations
  6875 | D:3      | Found a bloodstained altar of Trog.
  6875 | D:3      | Found a stormy altar of Qazlal.
  7214 | D:4      | Noticed Amnesiac's ghost (amateur DEAr)
  7377 | D:5      | Gained mutation: You have a pair of small horns on your head. [mutagenic meat]
  7378 | D:5      | Gained mutation: You are dopey. (Int -2) [mutagenic meat]
  7379 | D:5      | Gained mutation: You are resistant to hostile enchantments. [mutagenic meat]
  7380 | D:5      | Gained mutation: Your body sometimes deteriorates upon taking damage. [mutagenic meat]
  7381 | D:5      | Gained mutation: You possess an exceptional clarity of mind. [mutagenic meat]
  8249 | D:4      | Reached skill level 5 in Fighting
  8249 | D:4      | Reached skill level 5 in Armour
  8794 | D:6      | Reached XP level 8. HP: 49/49 MP: 12/12
  8812 | D:6      | Reached skill level 4 in Evocations
  9205 | D:6      | Reached skill level 5 in Evocations
  9990 | D:6      | Reached skill level 6 in Evocations
 10339 | D:7      | Noticed Amnesiac's ghost (novice DEFi)
 10359 | D:7      | Killed Amnesiac's ghost
 10359 | D:7      | Reached skill level 7 in Evocations
 10547 | D:4      | Killed Amnesiac's ghost
 10547 | D:4      | Reached skill level 8 in Evocations
 10774 | D:7      | Reached XP level 9. HP: 30/54 MP: 17/17
 11319 | D:7      | HP: 2/54 [poisoned by a water moccasin]
 11320 | D:7      | Succumbed to a water moccasin's poison

Skill      XL: |  1  2  3  4  5  6  7  8 |
---------------+-------------------------+-----
Dodging        | 2 3 4 5 |  5.4
Armour         | 3 4 5 |  5.2
Fighting       | 3 4 5 |  5.2
Evocations     | 2 3 8 |  8.5
Short Blades   | |  2.0
Shields        | |  2.4

Action                   |  1- 3 |  4- 6 |  7- 9 || total
-------------------------+-------+-------+-------++-------
Melee: Rapier            |   223 |   267 |   451 ||   941
       Headbutt          |       |       |    40 ||    40
 Fire: Hunting sling     |       |       |    77 ||    77
 Abil: Evoke Berserk Rag |       |       |     4 ||     4
Evoke: Wand              |       |       |     3 ||     3
  Use: Scroll            |       |     9 |     7 ||    16
       Potion            |       |     1 |     3 ||     4
  Eat: Chunk             |     3 |     5 |    24 ||    32
       Bread ration      |       |     1 |     1 ||     2
       Royal jelly       |       |       |     1 ||     1
Armor: Scale mail        |   105 |   124 |   185 ||   414
Dodge: Dodged            |    71 |   134 |   194 ||   399
Block: Shield            |    98 |   145 |   257 ||   500
